 Dungeon Sprint DCSS version 0.26.1-11-gd32895ea62 (webtiles) character file.

Game seed: 10665041100310089872

95 Zeld the Shield-Bearer (level 4, -1/45 HPs)
             Began as a Deep Dwarf Fighter on June 9, 2021.
             Was an Initiate of Makhleb.
             Slain by a gargoyle
             ... wielding a +0 mace
              (12 damage)
             ... in the Dungeon (Sprint IX: "|||||||||||||||||||||||||||||").
             The game lasted 00:00:44 (813 turns).

Zeld the Shield-Bearer (Deep Dwarf Fighter)          Turns: 813, Time: 00:00:44

Health: -1/45      AC:  6    Str: 20    XL:     4   Next: 39%
Magic:  4/4        EV:  8    Int: 15    God:    Makhleb [......]
Gold:   0          SH: 10    Dex: 12    Spells: 3/3 levels left

rFire    . . .     SeeInvis .   a - +0 war axe
rCold    . . .     Faith    .   c - +0 kite shield
rNeg     . . .     Spirit   .   b - +0 scale mail
rPois    .         Reflect  .   (no helmet)
rElec    .         Harm     .   (no cloak)
rCorr    .         Rampage  .   (no gloves)
Will     .....     NoTele   +   (no boots)
Stlth    ..........             (no amulet)
HPRegen  0.00/turn              p - +3 ring of intelligence
MPRegen  0.09/turn              o - +3 ring of intelligence

@: mighty, non-regenerating
A: damage resistance, heal wounds, sense surroundings 1, no regeneration
a: Heal Wounds, Renounce Religion


You were in the Dungeon.
You worshipped Makhleb.
Makhleb was noncommittal.
You visited 1 branch

Inventory:

Hand Weapons
 a - a +0 war axe (weapon)
Armour
 b - a +0 scale mail (worn)
 c - a +0 kite shield (worn)
 n - a +0 cloak
Jewellery
 o - a +3 ring of intelligence (right hand)
 p - a +3 ring of intelligence (left hand)
Wands
 m - a wand of iceblast (10)
Scrolls
 j - 2 scrolls of blinking
 k - 3 scrolls of remove curse
 l - 2 scrolls of amnesia
Potions
 e - 5 potions of curing
 f - 3 potions of heal wounds
 g - a potion of haste
 h - 4 potions of magic
 i - a potion of invisibility


   Skills:
 + Level 4.4 Fighting
 * Level 6.4 Axes
 - Level 3.2 Armour
 * Level 6.9 Shields


You had 3 spell levels left.
You didn't know any spells.
Your spell library was empty.

Dungeon Overview and Level Annotations

Branches:
Dungeon (1/1)

Altars:
Cheibriados
Dithmenos
Elyvilon
Fedhas
Gozag
Hepliaklqana
Kikubaaqudgha
Makhleb
Nemelex Xobeh
Okawaru
Qazlal
Ru
Sif Muna
Trog
Uskayaw
Vehumet
Wu Jian
Xom
Yredelemnul
Zin
The Shining One
Beogh
Jiyva
Lugonu


Innate Abilities, Weirdness & Mutations

You are resistant to damage.
You can heal yourself by infusing magical energy.
You passively map a small area around you.
You do not regenerate.


Message History

There is an open door to the Dungeon, spattered with blood here.
You feel very mighty all of a sudden. The gargoyle hits you with a +0 mace!
You hit the gargoyle but do no damage.
The gargoyle hurls a stone arrow at you.
You block the stone arrow.
You closely miss the gargoyle.
The bullfrog releases a deep croak.
You block the gargoyle's attack.
You hit the gargoyle.
The gargoyle is lightly damaged.
The gargoyle hits you with a +0 mace!
* * * LOW HITPOINT WARNING * * *
You barely miss the gargoyle.
The gargoyle is lightly damaged.
You block the gargoyle's attack.
You barely miss the gargoyle.
The gargoyle is lightly damaged.
The gargoyle hits you with a +0 mace!
You die...

* ,
▓+▓
▓.▓
▓Z▓
,*
▓Y▓
,
▓o▓
▓F▓,
, ,
▓9▓
*
▓@▓
, ,
▓.▓
▓.▓
,
▓[▓
* *
*
▓[▓
▓.▓
▓.▓
▓)▓
*
▓.▓
*


You could see a yak, an orc warrior, a gargoyle, a bullfrog and an adder zombie.

Vanquished Creatures
  A scorpion (D)
  A hound (D)
  An ufetubus (D)
  An adder zombie (D)
  A bat (D)
  A bat zombie (D)
  A giant cockroach (D)
  A goblin (D)
  A quokka (D)
  A frilled lizard (D)
  A rat (D)
11 creatures vanquished.

Notes
Turn   | Place    | Note
-------+----------+-------------------------------------------
     0 | D        | Zeld the Deep Dwarf Fighter began the quest for the Orb.
     0 | D        | Reached XP level 1. HP: 20/20 MP: 1/1
    18 | D        | Banished a spatial maelstrom
   369 | D        | Noticed a hound
   369 | D        | Noticed a scorpion
   383 | D        | Killed a scorpion
   384 | D        | Reached skill level 5 in Axes
   384 | D        | Reached XP level 2. HP: 27/30 MP: 2/2
   384 | D        | Reached XP level 3. HP: 33/36 MP: 3/3
   394 | D        | Reached XP level 4. HP: 23/45 MP: 4/4
   430 | D        | Found a roughly hewn altar of Beogh.
   430 | D        | Found a snail-covered altar of Cheibriados.
   430 | D        | Found a shadowy altar of Dithmenos.
   430 | D        | Found a white marble altar of Elyvilon.
   430 | D        | Found a blossoming altar of Fedhas.
   430 | D        | Found an opulent altar of Gozag.
   431 | D        | Found a hazy altar of Hepliaklqana.
   432 | D        | Found a viscous altar of Jiyva.
   433 | D        | Found an ancient bone altar of Kikubaaqudgha.
   434 | D        | Found a corrupted altar of Lugonu.
   435 | D        | Found a burning altar of Makhleb.
   436 | D        | Found a sparkling altar of Nemelex Xobeh.
   437 | D        | Found an iron altar of Okawaru.
   438 | D        | Found a stormy altar of Qazlal.
   439 | D        | Found a sacrificial altar of Ru.
   440 | D        | Found a shimmering blue altar of Sif Muna.
   441 | D        | Found a bloodstained altar of Trog.
   442 | D        | Found a hide-covered altar of Uskayaw.
   445 | D        | Became a worshipper of Makhleb the Destroyer
   446 | D        | Found a radiant altar of Vehumet.
   447 | D        | Found an ornate altar of the Wu Jian Council.
   448 | D        | Found a shimmering altar of Xom.
   449 | D        | Found a basalt altar of Yredelemnul.
   450 | D        | Found a glowing silver altar of Zin.
   451 | D        | Found a glowing golden altar of the Shining One.
   804 | D        | Noticed a yak
   804 | D        | Noticed an orc warrior
   804 | D        | Noticed a bullfrog
   804 | D        | Noticed a gargoyle
   813 | D        | Slain by a gargoyle

Illustrated notes

Levels and vault maps discovered:
D:        linesprint [early_d, line_temple, items_1, d_10, items_2, lair_1,
          lair_end, items_3, orc_1, orc_end, items_4, d_15, swamp_1, shoals_1,
          snake_1, spider_1, d_20, vaults_1, items_5, swamp_end, shoals_end,
          snake_end, spider_end, vaults_end, d_27, items_6, zot_1, zot_end,
          crypt_end, forest_end, elf_end, slime_end, tomb_end, abyss_end,
          pan_hell_end]

Skill      XL: |  1  2  3 |
---------------+----------+-----
Fighting       | 3 4 |  4.4
Axes           | 5 6 |  6.4
Shields        | 6 |  6.9
Armour         | |  3.2

Action                   |  1- 3 |  4- 6 || total
-------------------------+-------+-------++-------
Melee: War axe           |    35 |    10 ||    45
 Abil: Heal Wounds       |       |     1 ||     1
  Use: Potion            |     1 |     1 ||     2
Armor: Scale mail        |     4 |     2 ||     6
Dodge: Dodged            |    10 |     2 ||    12
Block: Kite shield       |    22 |     8 ||    30
